 Dungeon Sprint DCSS version 0.30.1-11-g7821555f0a (webtiles) character file.

Game seed: 15534039365976334587

470 Groucho the Unseen (level 6, 0/28 HPs)
             Began as a Felid Berserker on Nov 28, 2023.
             Was a Priest of Trog.
             Slain by a centaur warrior (11 damage)
             ... in the Dungeon (Sprint I: "Red Sonja").
             The game lasted 00:01:33 (567 turns).

Groucho the Unseen (Felid Berserker)                 Turns: 567, Time: 00:01:34

Health: 0/28       AC:  2    Str: 13    XL:     6   Next: 82%
Magic:  7/7        EV: 19    Int:  8    God:    Trog [***...]
Gold:   329        SH:  0    Dex: 18    Spells: 5/5 levels left
                                        Lives:  0   Deaths: 1

rFire   . .          .
                       - Unarmed
rCold   . . .        (shield unavailable)
rNeg    . . .        (body armour unavailable)
rPois   .            (helmet unavailable)
rElec   .            (cloak unavailable)
rCorr   .            (gloves unavailable)
SInv    +            (boots unavailable)
Will    ++...        (no amulet)
Stlth   ++++++++     (no ring)
HPRegen 1.24/turn    (no ring)
MPRegen 0.10/turn

%: no teleportation
@: strong-willed, regenerating, quick
A: very small, claws 1, fangs 3, see invisible, speed 1, shaggy fur 2, stealthy
paws, no weapons or thrown items, no armour, multi-lived
a: Renounce Religion, Berserk, Trog's Hand


You were in the Dungeon.
You worshipped Trog.
Trog was most pleased with you.
You visited 1 branch You collected 329 gold pieces.

Inventory:

Wands
 g - a wand of quicksilver (9)
 h - a wand of polymorph (5)
Scrolls
 f - a scroll of blinking
Potions
 a - a potion of curing
 b - a potion of heal wounds
 c - a potion of haste
 d - 2 potions of magic
 e - a potion of berserk rage


   Skills:
 + Level 3.0 Fighting
 + Level 4.0 Dodging
 + Level 20.9 Stealth
 + Level 3.0 Unarmed Combat


You had 5 spell levels left.
You didn't know any spells.
Your spell library was empty.

Dungeon Overview and Level Annotations

Branches:
Dungeon (1/1)

Altars:
Cheibriados
Dithmenos
Elyvilon
Fedhas
Gozag
Hepliaklqana
Kikubaaqudgha
Makhleb
Nemelex Xobeh
Okawaru
Qazlal
Ru
Sif Muna
Trog
Uskayaw
Vehumet
Wu Jian
Xom
Yredelemnul
Zin
The Shining One
Jiyva
Lugonu

Shops:
D !


Innate Abilities, Weirdness & Mutations

You have sharp claws.
You have razor-sharp teeth.
You have supernaturally acute eyesight. (SInv)
You cover ground quickly. (Speed+)
You are covered in thick fur. (AC +2)
Your paws help you pounce on unaware monsters.
You are incapable of wielding weapons or throwing items.
You cannot wear armour.
You gain extra lives every three experience levels.


Message History

Your Stealth skill gained 2 levels and is now at level 19!
Welcome back to level 6!
Found a sparkling altar of Nemelex Xobeh.
There is an entrance to Paibb's Distillery here.
There is an open door here.
There is a shimmering blue altar of Sif Muna here.
You see here the felid corpse of Groucho.
There is an open door here.
You open the door.
A slime creature comes into view.
Found a burning altar of Makhleb and a shimmering altar of Xom.
Found a viscous altar of Jiyva and a corrupted altar of Lugonu.
There is an open door here.
The helpless slime creature fails to defend itself.
You eviscerate the slime creature!!!!
You kill the slime creature!
Trog accepts your kill.
Your Stealth skill increases to level 20!
Unknown command.
Unknown command.
There is an open door here.
There is an open door here.
You open the door.
A centaur warrior comes into view.
Blink to where?
Press: ? - help, Dir - move target A centaur warrior comes into view.
Found 9 gold pieces and 5 poisoned darts.
As you read the scroll of blinking, it crumbles to dust.
The centaur warrior shouts! x2
The centaur warrior completely misses you.
The centaur warrior kicks you. The centaur warrior hits you!
The centaur warrior closely misses you.
Unknown command.
Your skin crawls.
You feel strong-willed. The centaur warrior misses you.
The centaur warrior closely misses you. The centaur warrior barely misses you.
The centaur warrior kicks you. The centaur warrior hits you!
You die...

################
#..').#.)'..#__#
').#..'..#..'..+
#####+#####'#__####
####..#...#.####§§#
#__####..##§#§§§§c#
#_____##'#§§§§§§@§+
#_.∩...'.§§§#§§§.c#
#_..__##_.#'##+####
#_____###+#.#
####### ###


You could see 2 centaur warriors.

Vanquished Creatures
  Sigmund (D)
  A slime creature (D)
  A yak (D)
  An ogre (D)
  A jelly (D)
  Ijyb (D)
6 creatures vanquished.

Notes
Turn   | Place    | Note
-------+----------+-------------------------------------------
     0 | D        | Groucho the Felid Berserker began the quest for the Orb.
     0 | D        | Reached XP level 1. HP: 10/10 MP: 2/2
     2 | D        | Noticed Ijyb
     8 | D        | Killed Ijyb
     9 | D        | Reached skill level 8 in Stealth
     9 | D        | Reached XP level 2. HP: 14/14 MP: 3/3
    22 | D        | Noticed an ogre
    47 | D        | Killed an ogre
    48 | D        | Reached skill level 12 in Stealth
    48 | D        | Reached XP level 3. HP: 17/17 MP: 4/4
    48 | D        | Reached XP level 4. HP: 21/21 MP: 5/5
   436 | D        | Noticed Sigmund
   439 | D        | Killed Sigmund
   439 | D        | Reached ** piety under Trog
   440 | D        | Reached skill level 17 in Stealth
   440 | D        | Reached XP level 5. HP: 24/24 MP: 6/6
   440 | D        | Gained mutation: You are covered in thick fur. (AC +2)
                  | [Felid growth]
   440 | D        | Reached XP level 6. HP: 28/28 MP: 7/7
   453 | D        | Found a shimmering blue altar of Sif Muna.
   454 | D        | Found an ornate altar of the Wu Jian Council.
   455 | D        | Found a radiant altar of Vehumet.
   460 | D        | Splashed by a jelly's acid
   461 | D        | Reached XP level 5. HP: -1/24 MP: 6/6
   533 | D        | Found Paibb's Distillery.
   533 | D        | Found an ancient bone altar of Kikubaaqudgha.
   533 | D        | Found a hazy altar of Hepliaklqana.
   533 | D        | Found a stormy altar of Qazlal.
   533 | D        | Found a hide-covered altar of Uskayaw.
   533 | D        | Found a blossoming altar of Fedhas.
   533 | D        | Found a bloodstained altar of Trog.
   533 | D        | Found an iron altar of Okawaru.
   533 | D        | Found a basalt altar of Yredelemnul.
   533 | D        | Found a glowing golden altar of the Shining One.
   533 | D        | Found a snail-covered altar of Cheibriados.
   533 | D        | Found a sacrificial altar of Ru.
   533 | D        | Found a glowing silver altar of Zin.
   533 | D        | Found a shadowy altar of Dithmenos.
   533 | D        | Found a white marble altar of Elyvilon.
   533 | D        | Noticed a yak
   534 | D        | Found an opulent altar of Gozag.
   535 | D        | Killed a yak
   536 | D        | Reached skill level 19 in Stealth
   536 | D        | Reached XP level 6. HP: 28/28 MP: 7/7
   536 | D        | Found a sparkling altar of Nemelex Xobeh.
   554 | D        | Found a burning altar of Makhleb.
   554 | D        | Found a shimmering altar of Xom.
   554 | D        | Noticed a slime creature
   555 | D        | Found a viscous altar of Jiyva.
   555 | D        | Found a corrupted altar of Lugonu.
   557 | D        | Killed a slime creature
   557 | D        | Reached *** piety under Trog
   558 | D        | Reached skill level 20 in Stealth
   566 | D        | Noticed a centaur warrior
   566 | D        | Noticed a centaur warrior
   567 | D        | Slain by a centaur warrior

Illustrated notes

Levels and vault maps discovered:
D:        dungeon_sprint_1 [red_sonja_temple_1, red_sonja_temple_small_1]

Skill      XL: |  1  2  3  4  5  6 |
---------------+-------------------+-----
Stealth        | 8 12 17 19 20 | 20.9
Fighting       | |  3.0
Dodging        | |  4.0
Unarmed Combat | |  3.0

Action                     |  1- 3 |  4- 6 || total
---------------------------+-------+-------++-------
  Melee: Unarmed           |    10 |     8 ||    18
         Bite              |     1 |     1 ||     2
 Invoke: Berserk           |     1 |     1 ||     2
         Trog's Hand       |       |     1 ||     1
    Use: Scroll            |       |     1 ||     1
   Stab: Sleeping          |     1 |     3 ||     4
  Dodge: Dodged            |    12 |     7 ||    19
